 Dungeon Crawl Stone Soup version 0.31-a0-949-g57150269e1 (webtiles) character file.

Game seed: 9062265406666459435

88 skwerlee the Chopper (level 4, -1/41 HPs)
             Began as a Minotaur Berserker on Oct 22, 2023.
             Was an Initiate of Gozag.
             Slain by a polar bear (5 damage)
             ... created by the rage of Trog
             ... on level 2 of the Dungeon.
             The game lasted 00:01:56 (1318 turns).

skwerlee the Chopper (Minotaur Berserker)           Turns: 1318, Time: 00:01:56

Health: -1/41      AC:  9    Str: 24    XL:     4   Next: 30%
Magic:  3/3        EV:  9    Int:  4    God:    Gozag
Gold:   128        SH:  0    Dex:  9    Spells: 3/3 levels left

rFire   . . .        a - +0 hand axe
rCold   . . .        (no shield)
rNeg    . . .        g - +0 chain mail
rPois   .            (helmet restricted)
rElec   .            (no cloak)
rCorr   .            (no gloves)
SInv    .            (no boots)
Will    .....        (no amulet) Stlth
                     (no ring)
HPRegen 0.26/turn    (no ring)
MPRegen 0.08/turn

%: no passive effects
@: no status effects
A: horns 2, retaliatory headbutt
a: Renounce Religion, Potion Petition, Call Merchant, Bribe Branch


You were on level 2 of the Dungeon.
You worshipped Gozag.
Gozag was aware of your devotion.
You visited 1 branch of the dungeon, and saw 2 of its levels.

You collected 150 gold pieces.
You paid 22 gold pieces to Gozag.

Inventory:

Hand Weapons
 a - a +0 hand axe (weapon)
Armour
 b - a +0 animal skin
 g - a +0 chain mail (worn)
Scrolls
 c - 2 scrolls of teleportation {unknown}
 e - a scroll of vulnerability {unknown}
 h - a scroll of silence {unknown}
 j - a scroll of brand weapon {unknown}
 k - a scroll of fear {unknown}
Potions
 d - a potion of might {unknown}
 f - a potion of mutation {unknown}
 i - a potion of degeneration {unknown}


   Skills:
 + Level 4.7 Fighting
 + Level 4.8 Axes
 + Level 2.7 Armour
 + Level 2.5 Dodging
 + Level 0.6 Stealth


You had 3 spell levels left.
You didn't know any spells.
Your spell library was empty.

Dungeon Overview and Level Annotations

Branches:
Dungeon (2/15)

Altars:
Gozag


Innate Abilities, Weirdness & Mutations

You have a pair of horns on your head.
You reflexively headbutt those who attack you in melee.


Message History

You now have 128 gold pieces (gained 9).
k - a scroll labelled VUCI ZOTSEG No target in view!
Trog sends monsters to punish you. 4 polar bears come into view.
You hit the polar bear.
The polar bear is lightly wounded.
There are monsters nearby!
You hit the polar bear.
The polar bear is lightly wounded.
The polar bear barely misses you. The polar bear claws you.
The polar bear claws you but does no damage.
There are monsters nearby!
There are monsters nearby!
You hit the polar bear.
The polar bear is lightly wounded.
You hit the polar bear but do no damage.
You barely miss the polar bear. The polar bear completely misses you.
You furiously retaliate!
You headbutt the polar bear!
The polar bear claws you but does no damage. x2
The polar bear bites you!!
The polar bear claws you but does no damage. x2
The polar bear bites you but does no damage.
The polar bear claws you but does no damage.
The polar bear claws you. The polar bear bites you. The polar bear claws you.
The polar bear barely misses you. x2
The polar bear claws you but does no damage.
The polar bear claws you.
* * * LOW HITPOINT WARNING * * *
The polar bear bites you.
* * * LOW HITPOINT WARNING * * *
The polar bear claws you.
* * * LOW HITPOINT WARNING * * *
The polar bear claws you but does no damage.
You closely miss the polar bear.
The polar bear is lightly wounded.
You hit the polar bear. x2; The polar bear closely misses you. x2
The polar bear claws you.
You die...
Your body crumbles into a pile of gold.

#.#
#.......)....#########.
#.# #............# #.
#.# #............# #)
#.####............# #.
#.##..............# #.
#.##.#............# ##
#.##.#....##......#
#.##.####.##h.....#
#.##.#.....@h.....#
#.##.#.##.#h###.###
#.##.#....#h# #.#
#.##.#..#.#.# #.#
#.##.#..#.#.# #.#
#.##.#..###.# #.#
#.##.#....#.# #.# #.#
#....#.# #.# #.#
######.# #.#


You could see 4 polar bears.

Vanquished Creatures
  3 gnolls (D:2)
  2 adders (D:2)
  2 dart slugs
  5 bats
  2 endoplasms (D:2)
  2 giant cockroaches
  A goblin (D:2)
  7 hobgoblins
  4 quokkas (D:1)
  4 kobolds
  4 rats
36 creatures vanquished.

Notes
Turn   | Place    | Note
-------+----------+-------------------------------------------
     0 | D:1      | skwerlee the Minotaur Berserker began the quest for the
                  | Orb.
     0 | D:1      | Reached XP level 1. HP: 19/19 MP: 0/0
   206 | D:1      | Reached XP level 2. HP: 27/27 MP: 1/1
   762 | D:2      | Found an opulent altar of Gozag.
   812 | D:2      | Reached XP level 3. HP: 32/34 MP: 2/2
   866 | D:2      | Fell from the grace of Trog
   866 | D:2      | Became a worshipper of Gozag Ym Sagoz the Greedy
  1022 | D:2      | Reached XP level 4. HP: 19/41 MP: 3/3
  1315 | D:2      | Noticed a polar bear
  1315 | D:2      | Noticed a polar bear
  1315 | D:2      | Noticed a polar bear
  1315 | D:2      | Noticed a polar bear
  1318 | D:2      | Slain by a polar bear

Illustrated notes

Levels and vault maps discovered:
D:1:      saegor_arrival_fortress, layout_basic, minmay_strange_pillars
D:2:      layout_basic, basic_altar

Skill      XL: |  1  2 |
---------------+-------+-----
Fighting       | 4 |  4.7
Axes           | 4 |  4.8
Armour         | |  2.7
Dodging        | |  2.5
Stealth        | |  0.6

Action                     |  1- 3 |  4- 6 || total
---------------------------+-------+-------++-------
  Melee: Hand axe          |    67 |    13 ||    80
         Headbutt          |    13 |       ||    13
   Stab: Sleeping          |     1 |       ||     1
 Armour: Animal skin       |    15 |       ||    15
         Chain mail        |    27 |    26 ||    53
  Dodge: Dodged            |    39 |     7 ||    46

Table legend: (Time is in decaauts)
 A = Elapsed time spent in this place.
 B = Non-inter-level travel time spent in this place.
 C = Inter-level travel time spent in this place.
 D = Time resting spent in this place.
 E = Time spent auto-exploring this place.
 F = Levels seen in this place.
 G = Mean time per level.
                   A        B        C        D        E       F      G
               +--------+--------+--------+--------+--------+-----+--------+
         Total |   1325 |   1289 |     36 |     84 |    979 |   2 |  662.5 |
       Dungeon |   1325 |   1289 |     36 |     84 |    979 |   2 |  662.5 |
               +--------+--------+--------+--------+--------+-----+--------+

Top non-repeatable levels by time:
     D:1: 743 daAuts
     D:2: 581 daAuts
